 Dungeon Crawl Stone Soup version 0.27.0-1-g7a089689b8 (webtiles) character file.

Game seed: 3314483250673541880

19 Acheron the Stinger (level 2, 0/20 HPs)
             Began as a Demonspawn Venom Mage on Aug 5, 2021.
             Slain by a goblin (2 damage)
             ... led by Robin
             ... on level 2 of the Dungeon.
             The game lasted 00:04:15 (910 turns).

Acheron the Stinger (Demonspawn Venom Mage)          Turns: 910, Time: 00:04:15

Health: 0/20       AC:  5    Str:  8    XL:     2   Next: 55%
Magic:  5/5        EV: 12    Int: 16    God:
Gold:   33         SH:  0    Dex: 13    Spells: 4/5 levels left

rFire    . . .     SeeInvis .   e - +0 short sword
rCold    . . .     Faith    .   (no shield)
rNeg     . . .     Spirit   .   a - +0 robe
rPois    .         Reflect  .   b - +0 helmet
rElec    .         Harm     .   (no cloak)
rCorr    .         Rampage  .   (no gloves)
Will     .....                  (no boots)
Stlth    ++........             (no amulet)
HPRegen  0.06/turn              (no ring)
MPRegen  0.09/turn              (no ring)

@: no status effects
A: thin metallic scales 1
a: no special abilities


You were on level 2 of the Dungeon.
You visited 1 branch of the dungeon, and saw 3 of its levels.

You collected 33 gold pieces.

Inventory:

Hand Weapons
 d - a +0 whip
 e - a +0 short sword (weapon)
Armour
 a - a +0 robe (worn)
 b - a +0 helmet (worn)
 g - a +0 leather armour
Scrolls
 f - a scroll of enchant weapon {unknown}
 h - a scroll of fog {unknown}
 i - a scroll of identify {unknown}
Potions
 c - a potion of berserk rage {unknown}


   Skills:
 * Level 0.4 Fighting
 * Level 0.3 Short Blades
 * Level 1.9 Dodging
 * Level 1.8 Stealth
 * Level 2.1 Spellcasting
 * Level 1.0 Transmutations
 + Level 3.4 Poison Magic


You had 4 spell levels left.
You knew the following spells:

 Your Spells              Type           Power      Damage    Failure   Level
a - Sting                 Tmut/Pois      32%        1d4       9%          1

Your spell library contained the following spells:

 Spells                   Type           Power      Damage    Failure   Level
 Poisonous Vapours        Pois/Air       14%        N/A       16%         2
 Mephitic Cloud           Conj/Pois/Air  5%         N/A       36%         3
 Olgreb's Toxic Radiance  Pois           12%        N/A       45%         4


Dungeon Overview and Level Annotations

Branches:
Dungeon (3/15)

Altars:

Annotations:
D:2 Robin


Innate Abilities, Weirdness & Mutations

You are partially covered in thin metallic scales. (AC +2)


Message History

There is a stone staircase leading up here. 2 goblins come into view.
The goblin shouts! x2; You hear a shout! x3
You hear a shout!
The goblin misses you.
You hit the goblin.
You kill the goblin!
Robin of the Strong Arm comes into view.
They are wielding a +0 mace.
Your Transmutations skill increases to level 1!
You completely miss the goblin.
Robin roars a battlecry!
The goblin goes into a battle-frenzy!
The goblin misses you.
You barely miss the goblin. Robin throws the goblin at you!
The goblin completely misses you. The goblin closely misses you.
You hit the goblin but do no damage. The goblin hits you but does no damage.
The goblin hits you with a +0 club.
You hit the goblin.
The goblin is heavily wounded.
The goblin barely misses you. The goblin hits you but does no damage.
You closely miss the goblin.
The goblin is heavily wounded.
The goblin hits you but does no damage. The goblin completely misses you.
You hit the goblin but do no damage.
The goblin is heavily wounded.
A hobgoblin comes into view.
The goblin hits you but does no damage. The goblin hits you with a +0 club.
You hit the goblin.
You kill the goblin!
The goblin barely misses you. The goblin hits you with a +0 club.
* * * LOW HITPOINT WARNING * * *
Things that are here:
a +0 club; a scroll labelled JUUTOI FINIOCW The goblin barely misses you.
Robin throws the goblin at you!
* * * LOW HITPOINT WARNING * * *
The goblin hits you with a +0 club.
* * * LOW HITPOINT WARNING * * *
The goblin hits you with a +0 club.
You die...

#####
#g..#
#@#.######
#<#.)g)g.#
########.#


You could see a goblin (strong).

Vanquished Creatures
  3 endoplasms (D:1)
  A giant cockroach (D:1)
  5 goblins
  A hobgoblin (D:2)
  3 kobolds (D:1)
  3 bats (D:1)
  A rat (D:1)
17 creatures vanquished.

Notes
Turn   | Place    | Note
-------+----------+-------------------------------------------
     0 | D:1      | Acheron the Demonspawn Venom Mage began the quest for the
                  | Orb.
     0 | D:1      | Reached XP level 1. HP: 13/13 MP: 3/3
   502 | D:2      | Gained mutation: You are partially covered in thin metallic
                  | scales. (AC +2) [demonic ancestry]
   502 | D:2      | Reached XP level 2. HP: 18/20 MP: 5/5
   898 | D:2      | Noticed Robin
   899 | D:2      | Reached skill level 1 in Transmutations
   910 | D:2      | Slain by a goblin

Illustrated notes

Levels and vault maps discovered:
D:1:      co_arrival_random_square_maze, layout_loops_cross
D:2:      layout_basic, shapermc_ecumenical_altar_ellora,
          minmay_fractal_squares_5, uniq_jessica, uniq_robin
D:3:      layout_loops_cross, nzn_wu_jian_council_hall,
          mainiacjoe_overflow_chevrons, marbit_many_paths, kennysheep_nub,
          grunt_ministairs_2, hangedman_decor_clover_reticule, uniq_natasha

Skill      XL: |  1  2 |
---------------+-------+-----
Transmutations | 1 |  1.0
Fighting       | |  0.4
Short Blades   | |  0.3
Dodging        | |  1.9
Stealth        | |  1.8
Spellcasting   | |  2.1
Poison Magic   | |  3.4

Action                   || total
-------------------------++-------
Melee: Short sword       ||    34
       Whip              ||     2
       Unarmed           ||     2
       Club              ||     1
 Cast: Sting             ||     7
 Stab: Sleeping          ||     2
Armor: Robe              ||    17
Dodge: Dodged            ||    24
